 Dungeon Crawl Stone Soup version 0.22.1-1-ga44c0e5 (webtiles) character file.

176231 Mesmaeker13 the Tortoise (level 16, -6/137 HPs)
             Began as a Demigod Skald on Oct 30, 2018.
             Shot with an arrow by Vashnia (40 damage)
             ... on level 4 of the Snake Pit on Oct 31, 2018.
             The game lasted 02:10:23 (56766 turns).

Mesmaeker13 the Tortoise (Demigod Skald)           Turns: 56766, Time: 02:10:24

Health: -6/137     AC: 25    Str: 22    XL:     16   Next: 95%
Magic:  27/27      EV:  8    Int: 17    God:
Gold:   1093       SH: 14    Dex: 17    Spells: 18/25 levels left

rFire    + . .     SeeInvis .   D - +8 scimitar (venom)
rCold    . . .     Gourm    .   t - +0 shield
rNeg     . . .     Faith    .   E - +1 plate armour of Xagaux {rElec}
rPois    +         Spirit   .   (no helmet)
rElec    +         Reflect  .   m - +0 cloak {MR+}
rCorr    .         Harm     .   h - +1 pair of gloves
MR       ++...                  o - +2 pair of boots
Stlth    ..........             c - amulet of rage
HPRegen  0.32/turn              r - ring of poison resistance
MPRegen  0.20/turn              k - ring of protection from fire

@: no status effects
A: high mp 1
a: Evoke Berserk Rage


You were on level 4 of the Snake Pit.
You were hungry.

You visited 4 branches of the dungeon, and saw 27 of its levels.
You also visited: Ice Cave and Volcano.

You collected 2706 gold pieces.
You spent 1613 gold pieces at shops.

Inventory:

Hand Weapons
 a - the +2 dagger of Risk Management {drain, rC+ rN++ Str-2 Stlth+}
   (You found it on level 10 of the Dungeon)

   A truly terrible weapon, it drains the life of those it strikes.
   It affects your strength (-2).
   It protects you from cold.
   It greatly protects you from negative energy.
   It makes you more stealthy.
 D - a +8 scimitar of venom (weapon)
Missiles
 l - 10 tomahawks (quivered)
Armour
 h - a +1 pair of gloves (worn)
 m - a +0 cloak of magic resistance (worn)
 o - a +2 pair of boots (worn)
 t - a +0 shield (worn)
 C - a +4 plate armour of poison resistance
 E - the +1 plate armour of Xagaux (worn) {rElec}
   (You found it on level 2 of the Snake Pit)

   It insulates you from electricity.
 H - the +4 skin of Zhor {rC+++}
   (You found it on level 2 of the Snake Pit)

   It renders you almost immune to cold.
 Q - a +3 scale mail of fire resistance
Jewellery
 c - an amulet of rage (around neck)
 i - an uncursed ring of protection from fire
 j - a +4 ring of dexterity {unknown}
 k - a ring of protection from fire (right hand)
 r - a ring of poison resistance (left hand)
 x - an uncursed ring of protection from cold
 I - an uncursed ring of wizardry
 M - an uncursed ring of see invisible {unknown}
Wands
 p - a wand of iceblast (11)
 K - a wand of polymorph (7)
 L - a wand of digging (12)
Scrolls
 f - 3 scrolls of teleportation
 g - 10 scrolls of remove curse
 s - 4 scrolls of blinking
 F - a scroll of fog
 G - a scroll of enchant weapon
 S - 2 scrolls of magic mapping
Potions
 b - 4 potions of ambrosia
 e - 2 potions of might
 n - 3 potions of curing
 q - 3 potions of haste
 w - a potion of brilliance
 z - a potion of heal wounds
 A - a potion of resistance
 B - 6 potions of flight
 J - a potion of magic
 P - 5 potions of agility
 R - a potion of berserk rage
Miscellaneous
 v - a lightning rod (4/4)
Comestibles
 d - 6 rations


   Skills:
 - Level 11.2 Fighting
 - Level 14.0 Long Blades
 + Level 15.1 Armour
 - Level 2.0 Dodging
 + Level 13.0 Shields
 - Level 5.0 Spellcasting
 + Level 7.0 Hexes
 - Level 5.0 Charms
 - Level 5.0 Necromancy
 - Level 7.2 Evocations


You had 18 spell levels left.
You knew the following spells:

 Your Spells              Type           Power        Failure   Level  Hunger
a - Infusion              Chrm           ###.         22%         1    None
b - Regeneration          Chrm/Necr      ###.......   54%         3    ###....
c - Spectral Weapon       Hex/Chrm       ###.....     38%         3    ###....

Your spell library contained the following spells:

 Spells                   Type           Power        Failure   Level  Hunger
 Confusing Touch          Hex            ####..       10%         1    None
 Animate Skeleton         Necr           N/A          22%         1    None
 Song of Slaying          Chrm           ###.....     32%         2    #......
 Shroud of Golubria       Chrm/Tloc      ##........   65%         2    #......
 Inner Flame              Hex/Fire       ###.....     75%         3    ###....
 Apportation              Tloc           #.....       86%         1    None
 Flame Tongue             Conj/Fire      #....        86%         1    None
 Summon Small Mammal      Summ           #...         86%         1    None
 Throw Flame              Conj/Fire      #.....       94%         2    #......
 Conjure Flame            Conj/Fire      #.......     99%         3    ###....
 Ignite Poison            Fire/Tmut/Pois #.......     99%         3    ###....
 Sticky Flame             Conj/Fire      #.......     100%        4    ####...
 Fireball                 Conj/Fire      #.........   100%        5    ######.
 Irradiate                Conj/Tmut      #.........   100%        5    ######.
 Bolt of Fire             Conj/Fire      #.........   100%        6    #######
 Hydra Form               Tmut           #.........   100%        6    #######
 Statue Form              Tmut/Erth      #........    100%        6    #######
 Dragon Form              Tmut           #.........   100%        7    #######
 Ring of Flames           Chrm/Fire      ##........   100%        7    #######
 Ignition                 Fire           #.........   100%        8    #######


Dungeon Overview and Level Annotations

Branches:
Dungeon (15/15)            Temple (0/1) D:4            Lair (6/6) D:11
 Shoals (0/4) Lair:3        Snake (4/4) Lair:2        Slime (0/5) Lair:6
    Orc (2/2) D:11            Elf (0/3) Orc:2        Vaults (0/5) D:13
 Depths (0/5) D:15

Shops:
D:6 *   D:8 [   D:9 *   D:15 =   Orc:2 ?**[   Snake:1 !

Portals:
Trove: D:11 (give 7 potions of agility)

Annotations:
D:7 exclusion: statue
D:13 empire's ghost, journeyman MiFi
Lair:2 3 runed doors, exclusion: oklob plant, Xempux's ghost, journeyman DDFi
Snake:4 1 exclusion


Innate Abilities, Weirdness & Mutations

You have an increased reservoir of magic. (+10% MP)


Message History

The splash of poison misses you.
The naga sharpshooter casts a spell.
The naga sharpshooter magically shoots a bolt.
The bolt hits you!
* * * LOW HITPOINT WARNING * * *
You slash the naga sharpshooter!
The naga sharpshooter is moderately wounded.
The naga sharpshooter unwields an uncursed halberd of freezing.
The naga sharpshooter wields an uncursed arbalest.
The naga sharpshooter casts a spell.
The naga sharpshooter magically shoots a bolt.
The bolt hits you!
* * * LOW HITPOINT WARNING * * *
You feel much better.
Your surroundings suddenly seem different.
A naga sharpshooter comes into view. It is wielding a glaive.
Vashnia unwields an uncursed runed mace.
Vashnia wields an uncursed longbow.
Vashnia shoots an arrow.
The arrow hits you!!!
You die...

....# ##.##### ##..###.. ....#
##.##..##### ##..## #.. ....#
###...N......#####..#####..
##..###............##.#...###..##
.#####.............##....###..###
.# #..........)..####..###)###..
.####........N....###...#..##....
...#.............)#..###..###....
####............@#).## ##.###....
.# #............##)## ##.#..#....
.# ##..........###.####.#####....
## ####......####...#.## #....
########.#...####.###.## ##...
#....##.####.....## ##.# #...
#.......####.....# #.# #...
#.........##.....# #### ##..
#(.......##......## #.# ###


You could see Vashnia and a naga sharpshooter.

Vanquished Creatures
  Nikola (Snake:3)
  Rupert (D:14)
  Roxanne (Snake:3)
  Kirke (Snake:3)
  6 nagarajas
  A juggernaut zombie (D:15)
  Louise (Snake:3)
  Josephine (Orc:1)
  A fire dragon (Lair:6)
  9 hydras
  10 anacondas
  16 naga warriors
  2 two-headed ogres
  A dancing weapon (Volcano)
  A catoblepas (D:14)
  11 death yaks
  6 naga sharpshooters
  9 shock serpents
  Sonja (Lair:4)
  4 orc high priests (Orc:2)
  2 skeletal warriors (D:15)
  The ghost of Starchild the Fighter, a novice DsMo of Cheibriados (D:8)
  3 unseen horrors
  3 salamander mystics
  A storm dragon skeleton (D:15)
  8 naga ritualists
  A flayed ghost (D:15)
  Pikel (D:7)
  A necromancer (D:15)
  A lindwurm (Lair:6)
  A sphinx zombie (D:15)
  3 ugly things
  6 wizards
  17 mana vipers
  3 deep elf magi
  An orc knight (Orc:2)
  2 manticores
  2 oklob plants (D:11)
  A cyclops (D:8)
  12 salamanders
  6 slime creatures
  3 orc sorcerers
  6 elephants
  2 ice statues (IceCv)
  20 naga magi
  5 toenail golems (Volcano)
  3 guardian serpents (Snake:4)
  3 molten gargoyles (Lair:6)
  42 black mambas
  A spiny frog (shapeshifter) (D:13)
  6 komodo dragons
  14 spiny frogs
  3 centaur skeletons
  2 kobold demonologists (D:13)
  2 rime drakes
  2 ice devils (Orc:1)
  2 redback zombies
  4 trolls
  A polar bear (Lair:6)
  Prince Ribbit (D:7)
  23 blink frogs
  8 hippogriffs
  A snapping turtle (Lair:3)
  12 dream sheep
  An ettin zombie (D:15)
  2 shadows
  9 wraiths
  A human (Snake:3)
  2 wyverns
  69 yaks
  7 basilisks
  4 hogs
  A human (shapeshifter) (D:13)
  2 hungry ghosts (D:9)
  2 steam dragons (Lair:6)
  A warg (D:11)
  2 vampire mosquitoes (D:12)
  2 acid dragons
  41 nagas
  4 hell hounds (Lair:6)
  13 porcupines
  18 water moccasins
  21 orc warriors
  2 black bears
  An eye of draining (D:11)
  5 sky beasts
  3 phantoms
  10 ice beasts
  6 wolves (Lair:1)
  17 ogres
  6 centaurs
  2 crocodiles (shapeshifter)
  7 crocodiles
  9 big kobolds
  A gnoll sergeant (D:8)
  16 bullfrogs
  2 wyvern skeletons
  2 scorpions (D:8)
  10 killer bees
  6 wights
  10 electric eels
  2 howler monkeys
  3 crimson imps
  5 lava snakes (Lair:6)
  A bullfrog zombie (D:9)
  6 centaur zombies
  2 bullfrog skeletons
  8 hounds
  30 orc priests
  3 jellies
  24 orc wizards
  7 iguanas
  8 worker ants
  2 worker ant zombies
  Robin (D:3)
  10 gnolls
  10 adders
  A shadow imp (D:15)
  An ooze (D:3)
  An adder zombie (D:8)
  An adder skeleton (D:9)
  5 worms
  5 dart slugs
  5 leopard geckos
  67 orcs
  2 giant cockroaches
  10 goblins
  11 hobgoblins
  12 jackals
  5 quokkas
  A ball python skeleton (D:4)
  2 bats (D:1)
  2 frilled lizards
  20 kobolds
  A leopard gecko skeleton (D:4)
  A leopard gecko zombie (D:6)
  A quokka zombie (D:7)
  5 rats
  A fungus (Lair:1)
  8 plants
933 creatures vanquished.

Vanquished Creatures (others)
  An orc (D:11)
  2 bushes
  43 fungi
  50 plants
96 creatures vanquished.

Grand Total: 1029 creatures vanquished

Notes
Turn   | Place    | Note
-------+----------+-------------------------------------------
     0 | D:1      | Mesmaeker13 the Demigod Skald began the quest for the Orb.
     0 | D:1      | Reached XP level 1. HP: 17/17 MP: 5/5
   121 | D:1      | Reached skill level 1 in Armour
   516 | D:1      | Reached XP level 2. HP: 16/24 MP: 7/7
  1697 | D:3      | Reached XP level 3. HP: 24/29 MP: 8/8
  1833 | D:3      | Noticed Robin
  1848 | D:3      | Killed Robin
  2099 | D:3      | Reached skill level 2 in Armour
  2260 | D:3      | Reached XP level 4. HP: 36/37 MP: 9/9
  2464 | D:3      | Found a faded altar of an unknown god.
  2992 | D:2      | Found an iron altar of Okawaru.
  3445 | D:2      | Found an ancient bone altar of Kikubaaqudgha.
  3610 | D:4      | Found a staircase to the Ecumenical Temple.
  3647 | D:4      | Reached XP level 5. HP: 32/45 MP: 7/10
  3820 | D:5      | Entered Level 5 of the Dungeon
  4327 | D:5      | Found a snail-covered altar of Cheibriados.
  4424 | D:5      | Reached skill level 3 in Armour
  4495 | D:5      | Found a shadowy altar of Dithmenos.
  4495 | D:5      | Noticed a phantom
  4553 | D:5      | Killed a phantom
  4553 | D:5      | Reached XP level 6. HP: 52/52 MP: 11/11
  4964 | D:5      | Got a faintly glowing leather armour
  4976 | D:5      | Identified the +3 leather armour "Ycay" {rC+++ MP+9 Int-4
                  | Dex-3} (You found it on level 5 of the Dungeon)
  5385 | D:4      | Reached skill level 4 in Armour
  5385 | D:4      | Reached XP level 7. HP: 45/60 MP: 12/12
  5614 | D:4      | Found an ornate altar of the Wu Jian Council.
  5945 | D:4      | Reached skill level 5 in Long Blades
  6111 | D:6      | Reached skill level 5 in Fighting
  6131 | D:6      | Found a blossoming altar of Fedhas.
  6265 | D:6      | Found an opulent altar of Gozag.
  6266 | D:6      | Found a basalt altar of Yredelemnul.
  6369 | D:6      | Reached skill level 5 in Armour
  6620 | D:6      | Reached XP level 8. HP: 58/69 MP: 13/13
  6743 | D:6      | Found Maufedgh's Assorted Antiques.
  6746 | D:6      | Bought a pearl ring for 150 gold pieces
  7104 | D:6      | Found a bloodstained altar of Trog.
  7134 | D:6      | Found an ornate altar of the Wu Jian Council.
  7222 | D:7      | Noticed Prince Ribbit
  7230 | D:7      | Reached skill level 7 in Armour
  7230 | D:7      | Reached XP level 9. HP: 75/81 MP: 14/14
  7246 | D:7      | Killed Prince Ribbit
  7336 | D:7      | Found an ornate altar of the Wu Jian Council.
  7359 | D:7      | Found a glowing silver altar of Zin.
  7359 | D:7      | Found a shimmering altar of Xom.
  7361 | D:7      | Found a hazy altar of Hepliaklqana.
  7361 | D:7      | Found a sacrificial altar of Ru.
  7361 | D:7      | Found a hazy altar of Hepliaklqana.
  7539 | D:7      | Reached skill level 8 in Armour
  7899 | D:6      | Reached skill level 10 in Long Blades
  8232 | D:7      | Reached XP level 10. HP: 76/90 MP: 15/15
  8391 | D:7      | Found a shattered altar of Ashenzari.
  8391 | D:7      | Noticed Pikel
  8419 | D:7      | Killed Pikel
  8584 | D:7      | Found a radiant altar of Vehumet.
  9163 | D:8      | Found a runed door.
  9164 | D:8      | Noticed Starchild's ghost (novice DsMo)
  9164 | D:8      | Noticed a cyclops
  9207 | D:8      | Found a burning altar of Makhleb.
  9364 | D:8      | Found Wosankyt's Armour Emporium.
  9477 | D:8      | Found a glowing golden altar of the Shining One.
  9733 | D:9      | Reached skill level 1 in Shields
  9764 | D:9      | Reached skill level 9 in Armour
 10977 | D:9      | Reached XP level 11. HP: 88/97 MP: 17/17
 11063 | D:9      | Noticed a three-headed hydra
 11103 | D:10     | Entered Level 10 of the Dungeon
 11483 | D:10     | Noticed a two-headed ogre
 11494 | D:10     | Killed a two-headed ogre
 11978 | D:10     | Got a steaming dagger
 11979 | D:10     | Identified the +2 dagger of Risk Management {drain, rC+
                  | rN++ Str-2 Stlth+} (You found it on level 10 of the
                  | Dungeon)
 12976 | D:9      | Found Havyoq's Assorted Antiques.
 12981 | D:9      | Bought a glowing plate armour for 520 gold pieces
 13132 | D:9      | Killed a three-headed hydra
 13132 | D:9      | Reached skill level 10 in Fighting
 13369 | D:11     | Noticed a seven-headed hydra
 13389 | D:11     | Killed a seven-headed hydra
 13870 | D:11     | Reached skill level 10 in Armour
 14550 | D:11     | Found a portal to a secret trove of treasure.
 14575 | D:11     | Found a staircase to the Lair.
 14821 | D:11     | Found a staircase to the Orcish Mines.
 15711 | Lair:1   | Entered Level 1 of the Lair of Beasts
 15877 | Lair:1   | Reached skill level 5 in Shields
 16095 | Lair:1   | Found a bloodstained altar of Trog.
 16098 | Lair:1   | Found a labyrinth entrance.
 16108 | Lair:1   | Reached XP level 12. HP: 107/107 MP: 18/18
 17192 | Lair:2   | Noticed an eight-headed hydra
 17669 | Lair:2   | Noticed an ice dragon
 17672 | Lair:2   | Noticed Xempux's ghost (journeyman DDFi)
 17688 | Lair:2   | Killed an eight-headed hydra
 17874 | Lair:2   | Found a runed gate.
 17874 | Lair:2   | Found a runed gate.
 17875 | Lair:2   | Found a runed gate.
 18335 | Lair:2   | Found a staircase to the Snake Pit.
 18997 | Lair:2   | Reached skill level 11 in Armour
 20055 | Lair:3   | Noticed a four-headed hydra
 20091 | Lair:3   | Killed a four-headed hydra
 20234 | Lair:3   | Found a staircase to the Shoals.
 20706 | Lair:4   | Reached skill level 1 in Evocations
 20821 | Lair:4   | Noticed Sonja
 21205 | Lair:4   | Found a dark tunnel.
 21213 | Volcano  | Entered a volcano
 21228 | Volcano  | Reached XP level 13. HP: 96/116 MP: 19/19
 22279 | Lair:4   | Killed Sonja
 23474 | Lair:5   | Got a warped zirconium amulet
 25372 | Lair:6   | Entered Level 6 of the Lair of Beasts
 26007 | Lair:6   | Reached skill level 12 in Armour
 27049 | Lair:6   | Reached skill level 5 in Evocations
 27894 | Lair:6   | Reached XP level 14. HP: 124/124 MP: 21/21
 28242 | Lair:6   | Found a staircase to the Slime Pits.
 28243 | Lair:6   | Found a viscous altar of Jiyva.
 28704 | Lair:6   | HP: 5/124 [yak (6)]
 30435 | Lair:6   | Found a large runed door.
 30436 | Lair:6   | Found a large runed door.
 30970 | D:6      | Bought 3 scrolls of identify for 180 gold pieces
 30970 | D:6      | Bought a scroll of identify for 60 gold pieces
 30973 | D:6      | Identified the amulet "Ceaqah" {Fragile +Blink Regen+
                  | Str+4} (You found it on level 5 of the Lair of Beasts)
 31293 | D:8      | Killed Starchild's ghost
 31357 | D:8      | Bought a +0 cloak of magic resistance for 126 gold pieces
 31754 | D:12     | Got an iridescent quarterstaff
 32411 | Orc:1    | Entered Level 1 of the Orcish Mines
 32537 | Orc:1    | Noticed Josephine
 32618 | Orc:1    | Killed Josephine
 32746 | Orc:1    | You fall through a shaft!
 32746 | Orc:2    | Entered Level 2 of the Orcish Mines
 32830 | Orc:1    | Found a frozen archway.
 32886 | IceCv    | Entered an ice cave
 33365 | IceCv    | Found a transporter.
 33384 | IceCv    | Found a transporter.
 34588 | Orc:2    | Found a staircase to the Elven Halls.
 34596 | Orc:2    | Reached skill level 10 in Shields
 35770 | Orc:2    | Found Qawy Von's General Store.
 35770 | Orc:2    | Found Enaneerch's Magic Scroll Boutique.
 35773 | Orc:2    | Found Vyoganug's General Store.
 35777 | Orc:2    | Found Geluw's Antique Armour Shop.
 35784 | Orc:2    | Bought a pair of slimy boots for 237 gold pieces
 35795 | Orc:2    | Identified the +2 pair of boots of Chill Winds {MP+9 Str-5
                  | Int+2} (You bought it in a shop on level 2 of the Orcish
                  | Mines)
 35876 | Orc:2    | Reached skill level 13 in Armour
 35986 | D:13     | Found a gate to the Vaults.
 36062 | D:13     | Learned a level 3 spell: Regeneration
 36222 | D:13     | Found a runed gate.
 36222 | D:13     | Found a runed gate.
 36230 | D:13     | Found a runed gate.
 36230 | D:13     | Noticed empire's ghost (journeyman MiFi)
 36338 | D:13     | Found a corrupted altar of Lugonu.
 36871 | D:14     | Noticed Rupert
 36893 | D:14     | Killed Rupert
 36893 | D:14     | Reached skill level 1 in Necromancy
 37210 | D:14     | Got a coiled pewter amulet
 38335 | D:14     | Reached XP level 15. HP: 114/130 MP: 24/24
 38595 | D:15     | Entered Level 15 of the Dungeon
 40361 | D:15     | Found a staircase to the Depths.
 41791 | D:15     | Found Gayhuwot's Jewellery Shop.
 41953 | D:9      | Bought a scroll of identify for 40 gold pieces
 41954 | D:9      | Identified the amulet "Teax" {Inacc rC+} (You found it on
                  | level 14 of the Dungeon)
 42824 | Snake:1  | Entered Level 1 of the Snake Pit
 43551 | Snake:1  | Found Luoma's Distillery.
 43933 | Snake:1  | Found a sparkling altar of Nemelex Xobeh.
 44027 | Snake:1  | Reached skill level 5 in Charms
 44032 | Snake:1  | Learned a level 3 spell: Spectral Weapon
 45877 | D:9      | Bought 2 scrolls of enchant weapon for 300 gold pieces
 46064 | Snake:2  | Got an ichor-stained plate armour
 46536 | Snake:2  | Reached skill level 5 in Necromancy
 46649 | Snake:2  | Identified the +1 plate armour of Xagaux {rElec} (You found
                  | it on level 2 of the Snake Pit)
 46817 | Snake:2  | Found the +4 skin of Zhor {rC+++}
 47075 | Snake:2  | Reached skill level 1 in Hexes
 47893 | Snake:2  | Reached skill level 14 in Armour
 48397 | Snake:3  | Noticed Roxanne
 48583 | Snake:3  | Noticed Louise
 48618 | Snake:3  | Killed Louise
 48789 | Snake:3  | Reached XP level 16. HP: 96/137 MP: 26/26
 49894 | Snake:3  | Noticed Nikola
 49921 | Snake:3  | Killed Nikola
 50124 | Snake:3  | Reached skill level 5 in Spellcasting
 50556 | Snake:3  | Killed Roxanne
 50696 | Snake:4  | Entered Level 4 of the Snake Pit
 51707 | Snake:4  | Noticed Kirke
 51718 | Snake:3  | Reached skill level 5 in Hexes
 51889 | Snake:3  | Killed Kirke
 55116 | Snake:4  | Reached skill level 15 in Armour
 56766 | Snake:4  | Shot with an arrow by Vashnia

Skill      XL: |  1  2  3  4  5  6  7  8  9 10 11 12 13 14 15 16 |
---------------+-------------------------------------------------+-----
Armour         | 1 2 3 4 5 7 8 9 10 11 12 13 14 15 | 15.1
Long Blades    | 2 3 4 5 9 10 11 12 13 14 | 14.0
Fighting       | 2 3 4 5 7 8 9 10 11 | 11.2
Dodging        | 2 |  2.0
Shields        | 2 5 7 8 10 11 13 | 13.0
Evocations     | 1 5 7 |  7.2
Charms         | 3 5 |  5.0
Necromancy     | 2 5 |  5.0
Spellcasting   | 4 5 |  5.0
Hexes          | 3 7 |  7.0

Action                   |  1- 3 |  4- 6 |  7- 9 | 10-12 | 13-15 | 16-18 || total
-------------------------+-------+-------+-------+-------+-------+-------++-------
Melee: Falchion          |   126 |       |       |       |       |       ||   126
       Long sword        |    27 |   213 |   270 |  1522 |  2436 |       ||  4468
       Dagger            |       |       |       |    85 |    88 |       ||   173
       Rapier            |       |       |       |       |     6 |       ||     6
       Scimitar          |       |       |       |       |   348 |   702 ||  1050
Throw: Tomahawk          |       |       |       |     1 |    15 |       ||    16
       Throwing net      |       |       |       |       |     6 |       ||     6
 Cast: Infusion          |       |       |       |       |     1 |     1 ||     2
       Regeneration      |       |       |       |       |     1 |     2 ||     3
 Abil: Evoke Berserk Rag |       |       |       |     1 |    11 |     1 ||    13
Evoke: Wand              |       |       |     3 |    14 |    50 |    39 ||   106
       Lightning rod     |       |       |       |       |    11 |     2 ||    13
       Phantom mirror    |       |       |       |       |     1 |       ||     1
  Use: Scroll            |     5 |     7 |     6 |    11 |    28 |     6 ||    63
       Potion            |       |       |     4 |     4 |    11 |     4 ||    23
 Stab: Sleeping          |     1 |       |       |       |       |       ||     1
       Held in net/web   |       |       |       |       |     2 |       ||     2
  Eat: Chunk             |     4 |     8 |     9 |    43 |    35 |     3 ||   102
       Ration            |       |     1 |       |     3 |    19 |     7 ||    30
Armor: Leather armour    |    10 |    13 |   143 |   245 |       |       ||   411
       Scale mail        |    51 |   104 |       |       |   781 |       ||   936
       Plate armour      |       |       |       |   532 |   270 |   217 ||  1019
       Acid dragon scale |       |       |       |    19 |       |       ||    19
Dodge: Dodged            |    87 |    95 |   196 |   457 |   648 |   121 ||  1604
Block: Shield            |       |       |       |   588 |  1294 |   296 ||  2178
       Rpst.: Falchion   |    24 |       |       |       |       |       ||    24
       Long sword        |     5 |    32 |    66 |   135 |   122 |       ||   360
       Scimitar          |       |       |       |       |    16 |    25 ||    41
